 Dungeon Crawl Stone Soup version 0.28.0-53-g5a82cb258f (webtiles) character file.

Game seed: 1117487365931231161

175687 infcreate the Imperceptible (level 17, -11/80 HPs)
             Began as a Vampire Enchanter on Aug 3, 2022.
             Was the Champion of Dithmenos.
             Hit by a boomerang thrown by a merfolk (17 damage)
             ... on level 4 of the Shoals.
             The game lasted 01:48:09 (36255 turns).

infcreate the Imperceptible (Vampire Enchanter)    Turns: 36255, Time: 01:48:10

Health: -11/80     AC:  9    Str:  7    XL:     17   Next: 48%
Magic:  9/34       EV: 24    Int: 19    God:    Dithmenos [******]
Gold:   964        SH:  0    Dex: 21    Spells: 25/43 levels left

rFire   . . .      SeeInvis +   m - +7 pair of quick blades "Gyre" and "Gimble" {protect}
rCold   + + .      Faith    +   (shield currently unavailable)
rNeg    + + +      Spirit   .   w - +1 robe {Will+}
rPois   ∞          Reflect  .   q - +1 helmet
rElec   .          Harm     .   U - +1 cloak {Will+}
rCorr   .          Rampage  +   z - +0 pair of gloves
Will    ++++.                   N - +0 pair of boots Stlth **********
                                l - amulet "Abriuc" {Faith Rampage}
HPRegen 0.00/turn               L - ring of flight
MPRegen 0.24/turn               W - ring of willpower

@: flying, bloodless, inhibited regen, wreathed by umbra
A: bloodless, fangs 3, see invisible, vampiric 2
a: Bat Form, Revivify, Renounce Religion, Shadow Step, Shadow Form


You were on level 4 of the Shoals.
You worshipped Dithmenos.
Dithmenos was exalted by your worship.
You visited 4 branches of the dungeon, and saw 27 of its levels.
You also visited: Gauntlet and Volcano.

You collected 3060 gold pieces.
You spent 2096 gold pieces at shops.


Innate Abilities, Weirdness & Mutations

You do not regenerate when monsters are visible.
You are frail without blood (-20% HP).
You can heal yourself when you bite living creatures.
You are immune to poison.
You have razor-sharp teeth.
You have supernaturally acute eyesight. (SInv)
You are afflicted with vampirism and can become a bat while bloodless.


   Skills:
 + Level 16.0 Short Blades
 + Level 16.1 Dodging
 + Level 22.2 Stealth
 + Level 13.7 Spellcasting
 + Level 20.6 Hexes


You had 25 spell levels left.
You knew the following spells:

 Your Spells              Type           Power      Damage    Failure   Level
c - Confusing Touch       Hex            75%        N/A       0%          3
d - Tukima's Dance        Hex            75%        N/A       0%          3
e - Ensorcelled Hibernat  Hex/Ice        100%       N/A       1%          2
f - Dazzling Flash        Conj/Hex       100%       N/A       1%          3
X - Enfeeble              Hex            37%        N/A       1%          7

Your spell library contained the following spells:

 Spells                   Type           Power      Damage    Failure   Level
 Anguish                  Hex/Necr       25%        N/A       1%          4
 Silence                  Hex/Air        25%        N/A       1%          5
 Animate Skeleton         Necr           26%        N/A       4%          1
 Apportation              Tloc           26%        N/A       4%          1
 Foxfire                  Conj/Fire      52%        2x1d6     4%          1
 Freeze                   Ice            52%        1d7       4%          1
 Sandblast                Erth           26%        2d8       4%          1
 Sting                    Tmut/Pois      52%        1d5       4%          1
 Summon Small Mammal      Summ           52%        N/A       4%          1
 Corpse Rot               Necr/Air       26%        N/A       8%          2
 Poisonous Vapours        Pois/Air       26%        N/A       8%          2
 Sublimation of Blood     Necr           13%        N/A       8%          2
 Conjure Flame            Conj/Fire      13%        6-21      16%         3
 Frozen Ramparts          Ice            26%        1d4       16%         3
 Gell's Gravitas          Tloc           13%        N/A       16%         3
 Ignite Poison            Fire/Tmut/Pois 13%        N/A       16%         3
 Mephitic Cloud           Conj/Pois/Air  13%        N/A       16%         3
 Ozocubu's Armour         Ice            13%        N/A       16%         3
 Teleport Other           Tloc           13%        N/A       16%         3
 Airstrike                Air            6%         N/A       45%         4
 Dispel Undead            Necr           13%        3d9       45%         4
 Hailstorm                Conj/Ice       13%        3d5       45%         4
 Olgreb's Toxic Radiance  Pois           13%        N/A       45%         4
 Petrify                  Tmut/Erth      13%        N/A       45%         4
 Sticky Flame             Conj/Fire      13%        2d4       45%         4
 Summon Lightning Spire   Summ/Air       13%        N/A       45%         4
 Agony                    Necr           13%        N/A       80%         5
 Freezing Cloud           Conj/Ice/Air   6%         6-21      80%         5
 Irradiate                Conj/Tmut      6%         3d15      80%         5
 Lightning Bolt           Conj/Air       6%         1d18      80%         5
 Death Channel            Necr           6%         N/A       100%        6
 Dispersal                Tloc           6%         N/A       100%        6
 Ozocubu's Refrigeration  Ice            6%         4d6       100%        7
 Fire Storm               Conj/Fire      6%         8d2       100%        9
 Shatter                  Erth           6%         3d9*      100%        9

Inventory:

Hand Weapons
 j - a +6 dagger of venom
 m - the +7 pair of quick blades "Gyre" and "Gimble" (weapon) {protect}
   (You acquired it on level 1 of the Lair of Beasts)

   It grants its wielder temporary protection when it strikes (+7 to AC).
Missiles
 a - 805 stones (quivered)
 o - 71 poisoned darts
 t - 6 curare-tipped darts {=f}
 H - 4 throwing nets {=f}
 O - 2 atropa-tipped darts
Armour
 q - a +1 helmet (worn)
 w - a +1 robe of willpower (worn)
 z - a +0 pair of gloves (worn)
 C - +2 steam dragon scales
 N - a +0 pair of boots (worn)
 U - a +1 cloak of willpower (worn)
 X - a +1 robe of fire resistance
Magical Staves
 B - a staff of earth {!a}
Jewellery
 l - the amulet "Abriuc" (around neck) {Faith Rampage}
   (You bought it in a shop on level 10 of the Dungeon)

   [amulet of faith]

   It allows you to gain divine favour quickly.
   Rampage:   It bestows one free step when moving towards enemies.
 F - a ring of fire
 I - a +6 ring of intelligence
 L - a ring of flight (left hand)
 R - a ring of resist corrosion
 T - a +7 ring of protection
 W - a ring of willpower (right hand)
Wands
 v - a wand of acid (27)
 D - a wand of flame (63)
 E - a wand of mindburst (6)
 S - a wand of iceblast (19)
Scrolls
 f - a scroll of blinking
 g - 14 scrolls of teleportation {@r2}
 k - 4 scrolls of vulnerability
 u - 3 scrolls of amnesia
 x - 7 scrolls of fog
 y - a scroll of summoning
 J - a scroll of silence {!r}
 M - 2 scrolls of magic mapping
 Q - 5 scrolls of fear
 V - 3 scrolls of immolation
Potions
 b - 4 potions of cancellation
 c - 4 potions of invisibility
 d - 5 potions of attraction
 e - 3 potions of flight
 h - 6 potions of brilliance
 n - 18 potions of curing {@q1}
 p - 2 potions of haste {@q3}
 r - a potion of magic {unknown}
 s - 4 potions of mutation
 A - 5 potions of might
 G - 4 potions of heal wounds {@q2}
 K - 3 potions of ambrosia

Dungeon Overview and Level Annotations

Branches:
Dungeon (15/15)            Temple (0/1) D:6            Lair (6/6) D:10
 Shoals (4/4) Lair:3        Snake (0/4) Lair:4        Slime (0/5) Lair:6
    Orc (2/2) D:11            Elf (0/3) Orc:2        Vaults (0/5) D:14
 Depths (0/4) D:15        Volcano (visited)         Gauntlet (visited)

Altars:
Ashenzari
Dithmenos
Fedhas
Hepliaklqana
Makhleb
Qazlal
Ru
Sif Muna
Wu Jian
Xom
Zin
Jiyva

Shops:
D:1 :   D:2 !=   D:9 :   D:10 =   D:11 (   Orc:2 ==*[ Shoals:1

( ≈≈
≈≈≈≈≈≈§≈#§≈≈≈≈()#≈#≈≈≈)≈≈≈≈...
≈≈
≈≈≈≈≈§§§#≈≈≈c≈≈.###.≈≈≈≈≈≈≈...
≈≈
≈≈≈≈≈§§§§#≈≈≈|≈..#..≈≈≈c≈≈≈≈..
≈≈
≈≈≈≈≈§§§###≈t≈≈...#≈.≈≈≈≈≈≈..#
≈≈
≈≈≈≈≈§§§#§#≈≈≈≈..)#..≈≈≈†≈≈.##
≈≈
≈≈≈≈≈§§§§§m≈t≈P......≈≈≈≈≈≈(▒▒
≈≈
≈≈≈≈§§§§§##≈P........≈≈≈≈≈≈...
≈≈
≈≈≈≈≈≈§≈§≈≈P.cP....))≈≈≈≈≈≈...
≈≈
≈≈≈≈≈≈≈≈≈≈...@..)....[≈≈≈≈≈≈..
≈≈
≈≈≈≈≈≈≈≈≈≈...........≈≈≈≈≈≈≈..
≈≈
≈≈≈≈≈≈≈≈≈≈.......[..(.≈≈≈≈≈≈≈≈
≈≈
≈≈≈≈≈≈≈≈≈≈............≈≈≈≈≈≈≈≈
≈≈
≈≈≈≈≈≈≈≈≈≈......)...≈≈≈≈≈≈≈≈≈
≈≈ ≈≈≈≈≈≈≈≈≈≈.....≈≈≈≈≈≈)≈≈#.
≈≈ ≈≈≈≈≈≈≈≈≈≈≈≈≈.≈≈≈.≈)##PP.
≈≈ ≈≈≈.......≈≈.c..(.)≈##P. ≈≈
.......≈.....P≈≈m..


You could see an alligator snapping turtle, a snapping turtle, a merfolk and 3
fauns.


Message History

You bite the wind drake, but do no damage.
You puncture the wind drake!
Unknown command.
You catch the helpless wind drake completely off-guard!
You bite the wind drake, and draw its blood!
You feel better.
You spit the wind drake like a pig!!! You puncture the wind drake!
You kill the wind drake!
Dithmenos accepts your kill. The merfolk barely misses you.
The merfolk misses you.
A nearby plant withers and dies.
The alligator snapping turtle completely misses you.
The merfolk barely misses you.
The alligator snapping turtle bites you from afar!!
You emit a cloud of dark smoke.
The snapping turtle bites you from afar!!
* * * LOW HITPOINT WARNING * * *
You emit a cloud of dark smoke.
The faun unwields a +0 club.
The faun wields a +0 hunting sling.
The faun shoots a stone.
The stone hits you!
* * * LOW HITPOINT WARNING * * *
A faun is nearby!
Unknown command.
The faun unwields a +0 spear.
The faun wields a +0 hunting sling.
The faun shoots a stone.
The stone hits you!
* * * LOW HITPOINT WARNING * * *
A nearby plant withers and dies.
The faun shoots a stone.
The stone misses you.
The merfolk throws a boomerang.
The boomerang hits you!
You die...

Skill      XL: |  1  2  3  4  5  6  7  8  9 10 11 12 13 14 15 16 17 |
---------------+----------------------------------------------------+-----
Stealth        | 5 6 7 9 11 12 14 15 17 18 20 21 22 | 22.2
Hexes          | 5 6 7 8 10 11 13 14 16 17 18 20 | 20.6
Short Blades   | 2 3 4 5 7 8 9 11 12 13 14 15 16 | 16.0
Dodging        | 3 4 6 7 8 9 11 12 13 14 15 16 | 16.1
Spellcasting   | 3 4 5 6 7 8 9 10 11 12 13 | 13.7

Action                   |  1- 3 |  4- 6 |  7- 9 | 10-12 | 13-15 | 16-18 || total
-------------------------+-------+-------+-------+-------+-------+-------++-------
Melee: Dagger            |    85 |    80 |   293 |   365 |       |       ||   823
       Bite              |     3 |     8 |    38 |    93 |   112 |    34 ||   288
       Punch             |       |     2 |     7 |    10 |       |       ||    19
       Pair of quick bla |       |       |       |   232 |   804 |   302 ||  1338
Throw: Stone             |     1 |       |     2 |       |       |       ||     3
 Cast: Ensorcelled Hiber |    26 |    19 |    14 |    44 |    14 |    42 ||   159
       Confusing Touch   |     1 |     9 |    45 |   119 |   232 |    71 ||   477
       Tukima's Dance    |       |     1 |    50 |    67 |    21 |    39 ||   178
       Enfeeble          |       |       |       |     3 |     4 |     7 ||    14
 Abil: Exsanguinate      |     1 |       |       |       |       |       ||     1
  Use: Scroll            |     2 |     3 |     5 |    10 |    17 |     6 ||    43
       Potion            |       |       |       |     5 |       |     1 ||     6
 Stab: Sleeping          |    34 |    25 |    19 |    40 |   186 |   104 ||   408
       Confused          |     1 |     8 |    43 |   108 |   219 |    74 ||   453
       Distracted        |       |       |       |     3 |       |     4 ||     7
       Invisible         |       |       |       |    15 |     6 |     7 ||    28
       Petrified         |       |       |       |       |     1 |       ||     1
Armor: Robe              |    10 |     6 |     9 |       |    10 |    36 ||    71
       Steam dragon scal |       |       |    20 |    85 |    49 |       ||   154
Dodge: Dodged            |    22 |    26 |    94 |   265 |   293 |   263 ||   963

Levels and vault maps discovered:
D:1:      nzn_arrival_settlement, layout_loops_ring, serial_shops,
          nicolae_shop_waterfront, hellmonk_ecumenical_altar_run_dry,
          minmay_rat_gold_closets
D:2:      layout_basic, basic_altar, serial_shops, nicolae_shop_crystal,
          nicolae_shop_unique_rings, uniq_robin
D:3:      layout_basic, lemuel_round_altar, cheibrodos_gnoll_hut
D:4:      layout_basic, nicolae_ashenzari_skybound,
          nicolae_wu_jian_immortal_techniques, mainiacjoe_overflow_big_doors,
          uniq_ijyb
D:5:      layout_loops_ring, amethyst_killhole, uniq_eustachio
D:6:      layout_basic, nicolae_overflow_crystal_walls, temple_statues
D:7:      layout_loops_ring, zin_angel, mainiacjoe_overflow_six_doors_small,
          grunt_ministairs_8, kennysheep_generic_room_7, uniq_maggie
D:8:      layout_cave_pools, makhleb_altar_promises_db, kennysheep_just_a_vault
D:9:      layout_rooms, serial_shops, shop
D:10:     nicolae_cairo_tiling_large_dashed, layout_irregular_city,
          serial_shops, shop, minmay_gold_behind_fungi, abandoned_shop,
          serial_bayou_pond_e, grunt_ministairs_2, hangedman_decor_points,
          minmay_unpleasant_kobolds
D:11:     layout_roguey, erik_orc_4, serial_shops, shop,
          minmay_misc_feat_four_crosses, uniq_erica, uniq_nergalle, uniq_maurice
D:12:     layout_rooms
D:13:     layout_basic, ebering_ghost_rock_garden, hangedman_incinerator,
          uniq_snorg
D:14:     layout_basic, david_vaults_2, serial_park_square3
          [serial_park_minivault_5x5_8], uniq_louise, uniq_jorgrun,
          uniq_josephine, uniq_agnes
D:15:     grunt_enter_depths_magical_seal, layout_loops_ring,
          roderic_lattice_octagonal_star
Lair:1:   layout_gridlike, gauntlet_entry_generic, grunt_forest_large_clearings
Lair:2:   layout_regular_city
Lair:3:   layout_hall_layers, minmay_shoals_entry_lonely_mermaid
Lair:4:   layout_misc_corridors, guppyfry_snake_entry_island,
          grunt_megastairs_5, uniq_kirke
Lair:5:   layout_regular_city, grunt_forest_stairs_clearing
Lair:6:   hangedman_lair_caniforms_friends, layout_small_grid, slime_altar_1,
          nicolae_volcano_entry_vermiform, serial_bayou_shore_b,
          grunt_megastairs_2
Shoals:1: layout_shoals, serial_shops, shop_statue
Shoals:2: nicolae_shoals_island_circles, layout_shoals
Shoals:3: layout_shoals, st_cyclops, uniq_polyphemus
Shoals:4: shoals_end_grunt_garden, layout_shoals, ebering_ghost_inner_flame
Orc:1:    nicolae_orc_accident_3, layout_diamond_mine
Orc:2:    st_orc_ogre_mass, layout_caves, basic_altar, minmay_orc_keep,
          uniq_azrael

Notes
Turn   | Place    | Note
-------+----------+-------------------------------------------
     0 | D:1      | infcreate the Vampire Enchanter began the quest for the
                  | Orb.
     0 | D:1      | Reached XP level 1. HP: 13/13 MP: 3/3
    66 | D:1      | Found Caser's Book Shoppe.
   148 | D:1      | Found a faded altar of an unknown god.
   247 | D:1      | Reached XP level 2. HP: 15/15 MP: 5/5
   250 | D:1      | Learned a level 2 spell: Ensorcelled Hibernation
   681 | D:1      | Gained mutation: You are afflicted with vampirism and can
                  | become a bat while bloodless. [Vampire growth]
   681 | D:1      | Reached XP level 3. HP: 19/19 MP: 6/6
   685 | D:1      | Learned a level 3 spell: Confusing Touch
  1290 | D:2      | Found Loill's One-of-a-Kind Rings.
  1307 | D:2      | Found a sacrificial altar of Ru.
  1339 | D:2      | Noticed Robin
  1565 | D:2      | Reached skill level 5 in Stealth
  1721 | D:2      | Reached skill level 5 in Hexes
  1724 | D:2      | Killed Robin
  1725 | D:2      | Reached skill level 2 in Short Blades
  1888 | D:2      | Reached XP level 4. HP: 21/24 MP: 1/7
  2109 | D:2      | Identified the +5 quarterstaff "Depluth" {protect, Dex+3}
  2235 | D:2      | Found Elyquahi's Distillery.
  2376 | D:2      | Reached skill level 3 in Dodging
  2803 | D:3      | Found a shadowy altar of Dithmenos.
  2822 | D:3      | Became a worshipper of Dithmenos the Shadowed
  3014 | D:3      | Learned a level 3 spell: Tukima's Dance
  3114 | D:3      | Reached XP level 5. HP: 21/28 MP: 5/9
  3314 | D:4      | Noticed a phantom
  3315 | D:4      | Killed a phantom
  3316 | D:4      | Reached skill level 3 in Short Blades
  3316 | D:4      | Reached skill level 6 in Stealth
  3316 | D:4      | Reached skill level 3 in Spellcasting
  3316 | D:4      | Reached XP level 6. HP: 32/32 MP: 10/10
  3320 | D:4      | Learned a level 3 spell: Dazzling Flash
  3353 | D:4      | Noticed Ijyb
  3356 | D:4      | Killed Ijyb
  3384 | D:4      | Reached skill level 6 in Hexes
  3384 | D:4      | Noticed an orc warrior
  3391 | D:4      | Found a broken altar of Ashenzari.
  4038 | D:4      | Reached * piety under Dithmenos
  4392 | D:4      | Found a stormy altar of Qazlal.
  4420 | D:4      | Found a shimmering blue altar of Sif Muna.
  4570 | D:4      | Killed an orc warrior
  4571 | D:4      | Reached skill level 4 in Dodging
  4595 | D:4      | Reached XP level 7. HP: 36/36 MP: 0/12
  4689 | D:4      | Found an ornate altar of the Wu Jian Council.
  4715 | D:5      | Entered Level 5 of the Dungeon
  4726 | D:5      | Reached skill level 7 in Stealth
  4835 | D:5      | Noticed Eustachio
  4902 | D:4      | Killed Eustachio
  4903 | D:4      | Reached skill level 4 in Short Blades
  4903 | D:4      | Reached skill level 7 in Hexes
  5215 | D:5      | Reached skill level 4 in Spellcasting
  5822 | D:6      | Found a blossoming altar of Fedhas.
  5847 | D:6      | Found a staircase to the Ecumenical Temple.
  5961 | D:6      | Reached XP level 8. HP: 41/41 MP: 9/14
  6009 | D:6      | Reached skill level 5 in Dodging
  6147 | D:6      | Reached skill level 8 in Stealth
  6727 | D:7      | Reached skill level 5 in Short Blades
  6727 | D:7      | Reached skill level 8 in Hexes
  6916 | D:7      | Reached ** piety under Dithmenos
  7305 | D:7      | Noticed Maggie
  7320 | D:7      | Killed Maggie
  7321 | D:7      | Reached skill level 6 in Dodging
  7321 | D:7      | Reached skill level 9 in Stealth
  7321 | D:7      | Reached skill level 5 in Spellcasting
  7328 | D:7      | Reached XP level 9. HP: 45/45 MP: 6/16
  7553 | D:7      | Found a hazy altar of Hepliaklqana.
  7625 | D:7      | Noticed an angel
  7762 | D:7      | Reached skill level 9 in Hexes
  7829 | D:7      | Reached skill level 6 in Short Blades
  7996 | D:8      | Reached skill level 10 in Stealth
  8389 | D:7      | Reached skill level 7 in Dodging
  8676 | D:8      | Reached skill level 6 in Spellcasting
  8857 | D:8      | Reached skill level 10 in Hexes
  9214 | D:8      | Found a burning altar of Makhleb.
  9214 | D:8      | Noticed a balrug
  9300 | D:8      | Noticed a meliai
  9302 | D:8      | Killed a meliai
  9303 | D:8      | Reached skill level 7 in Short Blades
  9521 | D:8      | Reached *** piety under Dithmenos
  9522 | D:8      | Reached skill level 11 in Stealth
  9522 | D:8      | Reached XP level 10. HP: 50/50 MP: 2/19
 10167 | D:9      | Found Unkih's Book Boutique.
 10332 | D:9      | Noticed a two-headed ogre
 10383 | D:9      | Killed a two-headed ogre
 10384 | D:9      | Reached skill level 8 in Dodging
 10384 | D:9      | Reached skill level 11 in Hexes
 10819 | D:9      | Reached skill level 12 in Stealth
 10961 | D:10     | Entered Level 10 of the Dungeon
 11018 | D:10     | Noticed a two-headed ogre
 11029 | D:10     | Killed a two-headed ogre
 11030 | D:10     | Reached skill level 8 in Short Blades
 11030 | D:10     | Reached skill level 7 in Spellcasting
 11173 | D:10     | Found Fagh's Jewellery Shop.
 11296 | D:10     | Reached **** piety under Dithmenos
 11498 | D:10     | Noticed a two-headed ogre
 12334 | D:10     | Killed a two-headed ogre
 12335 | D:10     | Reached XP level 11. HP: 40/54 MP: 7/21
 12343 | D:10     | Learned a level 7 spell: Enfeeble
 12425 | D:10     | Found a staircase to the Lair.
 13355 | D:10     | Reached skill level 12 in Hexes
 13579 | D:11     | Reached skill level 9 in Dodging
 13579 | D:11     | Reached skill level 13 in Stealth
 13699 | D:11     | Noticed Maurice
 13887 | D:11     | Noticed Nergalle
 13896 | D:11     | Killed Nergalle
 14113 | D:11     | Noticed Erica
 14206 | D:11     | Reached ***** piety under Dithmenos
 14313 | D:11     | Noticed a tengu warrior
 14392 | D:11     | Found a staircase to the Orcish Mines.
 14646 | D:11     | Killed Erica
 14647 | D:11     | Reached skill level 9 in Short Blades
 14785 | D:10     | Killed a tengu warrior
 14822 | D:11     | Killed Maurice
 14824 | D:11     | Reached skill level 8 in Spellcasting
 14887 | D:11     | Found Kimun's Weapon Shop.
 15068 | Lair:1   | Entered Level 1 of the Lair of Beasts
 15102 | Lair:1   | Identified 2 scrolls of acquirement
 15102 | Lair:1   | Acquired 610 gold pieces
 15104 | Lair:1   | Acquired the +7 pair of quick blades "Gyre" and "Gimble"
                  | {protect}
 15104 | Lair:1   | Found the +7 pair of quick blades "Gyre" and "Gimble"
                  | {protect}
 15190 | Lair:1   | Noticed a seven-headed hydra
 15192 | Lair:1   | Reached skill level 14 in Stealth
 15196 | Lair:1   | Reached skill level 13 in Hexes
 15208 | Lair:1   | Killed a seven-headed hydra
 15233 | Lair:1   | Reached XP level 12. HP: 59/59 MP: 3/24
 15240 | Lair:1   | Reached skill level 10 in Dodging
 15252 | Lair:1   | Found a gate leading to a gauntlet.
 15263 | Gauntlet | Entered a Gauntlet
 15263 | Gauntlet | Found a transporter.
 15263 | Gauntlet | Found a runed translucent door.
 15263 | Gauntlet | Found a transporter.
 15263 | Gauntlet | Found a runed translucent door.
 15353 | Gauntlet | Found a transporter.
 15373 | Gauntlet | Found a transporter.
 15384 | Gauntlet | Found a transporter.
 15385 | Gauntlet | Found a transporter.
 15394 | Gauntlet | Found a transporter.
 15410 | Gauntlet | Noticed a hell hog
 15412 | Gauntlet | Found a runed translucent gate.
 15413 | Gauntlet | Found a transporter.
 15413 | Gauntlet | Found a runed translucent gate.
 15414 | Gauntlet | Found a runed translucent gate.
 15418 | Gauntlet | Found a transporter.
 15421 | Gauntlet | Found a transporter.
 15425 | Gauntlet | Found a runed translucent door.
 15425 | Gauntlet | Found a runed translucent door.
 15429 | Gauntlet | Found a transporter.
 15432 | Gauntlet | Found a transporter.
 15447 | Gauntlet | Noticed an alligator
 15447 | Gauntlet | a slime creature changed into an alligator
 15504 | Gauntlet | Noticed a ghost moth
 15509 | Gauntlet | a ghost moth changed into a goliath frog
 15662 | Gauntlet | Noticed a storm dragon
 15662 | Gauntlet | a goliath frog changed into a storm dragon
 15675 | Gauntlet | Noticed an entropy weaver
 15675 | Gauntlet | a storm dragon changed into an entropy weaver
 15707 | Gauntlet | Noticed a satyr
 15707 | Gauntlet | an entropy weaver changed into a satyr
 15722 | Gauntlet | Noticed a ghost moth
 15722 | Gauntlet | a satyr changed into a ghost moth
 15818 | Gauntlet | Noticed a quicksilver ooze
 15818 | Gauntlet | a ghost moth changed into a quicksilver ooze
 15851 | Gauntlet | a quicksilver ooze changed into a tyrant leech
 15870 | Gauntlet | Noticed an anaconda
 15870 | Gauntlet | a tyrant leech changed into an anaconda
 15872 | Gauntlet | Reached skill level 10 in Short Blades
 15874 | Gauntlet | an anaconda changed into a slime creature
 15882 | Gauntlet | Identified the +3 dagger "Diepso Toah" {antimagic, rElec
                  | rN+}
 15917 | Gauntlet | Killed a hell hog
 16082 | Gauntlet | Noticed a minotaur
 16090 | Gauntlet | Killed a minotaur
 16183 | D:10     | Bought the amulet "Abriuc" {Faith Rampage} for 705 gold
                  | pieces
 16384 | Lair:1   | Reached skill level 15 in Stealth
 16614 | Lair:1   | Reached skill level 9 in Spellcasting
 16621 | Lair:1   | Reached skill level 14 in Hexes
 16757 | Lair:1   | HP: 1/59 [spriggan rider/+0 spear (17)]
 17164 | Lair:1   | Noticed a six-headed hydra
 17171 | Lair:1   | Killed a six-headed hydra
 17533 | Lair:1   | Reached skill level 11 in Dodging
 17901 | Lair:2   | Noticed a seven-headed hydra
 17906 | Lair:2   | Killed a seven-headed hydra
 17964 | Lair:2   | Reached skill level 11 in Short Blades
 17965 | Lair:2   | Reached ****** piety under Dithmenos
 17981 | Lair:2   | Reached XP level 13. HP: 63/63 MP: 17/26
 18192 | Lair:2   | Reached skill level 16 in Stealth
 18386 | Lair:2   | Reached skill level 15 in Hexes
 19142 | Lair:3   | Found a staircase to the Shoals.
 19691 | Lair:4   | Noticed Kirke
 19705 | Lair:4   | Killed Kirke
 19706 | Lair:4   | Reached skill level 10 in Spellcasting
 20158 | Lair:4   | Found a staircase to the Snake Pit.
 20178 | Lair:4   | Reached skill level 12 in Dodging
 20402 | Lair:5   | Reached skill level 17 in Stealth
 20432 | Lair:5   | Reached skill level 12 in Short Blades
 20827 | Lair:5   | Reached skill level 16 in Hexes
 20913 | Lair:5   | Reached XP level 14. HP: 68/68 MP: 1/28
 21752 | Lair:6   | Entered Level 6 of the Lair of Beasts
 21771 | Lair:6   | Found a staircase to the Slime Pits.
 21771 | Lair:6   | Found a viscous altar of Jiyva.
 21880 | Lair:6   | Found a dark tunnel.
 21950 | Volcano  | Entered a volcano
 22121 | Volcano  | Reached skill level 18 in Stealth
 22390 | Lair:6   | Reached skill level 11 in Spellcasting
 22608 | Lair:6   | Reached skill level 13 in Dodging
 22969 | Lair:6   | Reached skill level 17 in Hexes
 23048 | Lair:6   | Reached skill level 13 in Short Blades
 24524 | D:2      | Bought a +7 ring of protection for 1138 gold pieces
 24732 | Orc:1    | Entered Level 1 of the Orcish Mines
 25118 | Orc:2    | Entered Level 2 of the Orcish Mines
 25121 | Orc:2    | Found a staircase to the Elven Halls.
 25880 | Orc:2    | Found Riobriseo's General Store.
 25880 | Orc:2    | Found Zarumm's Armour Emporium.
 25880 | Orc:2    | Found Zuella's Jewellery Shoppe.
 25880 | Orc:2    | Found Xeidizidyi's Jewellery Boutique.
 25882 | Orc:2    | Reached XP level 15. HP: 72/72 MP: 30/30
 25927 | Orc:2    | Reached skill level 19 in Stealth
 26385 | Orc:2    | Bought a scroll of identify for 26 gold pieces
 26432 | Orc:2    | Noticed Azrael
 26614 | Orc:2    | Killed Azrael
 26901 | Orc:2    | Noticed an orc warlord
 26921 | Orc:2    | Killed an orc warlord
 26922 | Orc:2    | Reached skill level 18 in Hexes
 27406 | Orc:2    | Found a shimmering altar of Xom.
 27730 | D:12     | Reached skill level 14 in Dodging
 28176 | D:13     | Reached skill level 12 in Spellcasting
 28184 | D:13     | Got Rodameefuat's Disquisition on the Volcanoes and Clay
 28228 | D:13     | Found a runed translucent gate.
 28247 | D:13     | Noticed Snorg
 28252 | D:13     | Killed Snorg
 28253 | D:13     | Reached skill level 14 in Short Blades
 28462 | Orc:2    | Bought a ring of flight for 227 gold pieces
 28564 | D:13     | Noticed Eremnut's ghost (adept HOFi)
 28565 | D:13     | Found a runed translucent gate.
 28567 | D:13     | Found a runed translucent gate.
 28574 | D:13     | Killed Eremnut's ghost
 29493 | D:14     | Noticed Louise
 29495 | D:14     | Killed Louise
 29578 | D:14     | Noticed Agnes
 29584 | D:14     | Killed Agnes
 29585 | D:14     | Reached skill level 20 in Stealth
 29711 | D:14     | Noticed Josephine
 29724 | D:14     | Killed Josephine
 29863 | D:14     | Found a gate to the Vaults.
 29936 | D:14     | Noticed Jorgrun
 29940 | D:14     | Killed Jorgrun
 30460 | D:15     | Entered Level 15 of the Dungeon
 30482 | D:15     | Reached XP level 16. HP: 76/76 MP: 32/32
 30953 | D:15     | Reached skill level 19 in Hexes
 31011 | D:15     | Found a staircase to the Depths.
 31729 | Shoals:1 | Entered Level 1 of the Shoals
 31795 | Shoals:1 | Found Inyhat's Weapon Shoppe.
 31841 | Shoals:1 | Reached skill level 15 in Dodging
 31914 | Shoals:1 | Reached skill level 15 in Short Blades
 32104 | Shoals:1 | Reached skill level 21 in Stealth
 32584 | Shoals:1 | Reached skill level 13 in Spellcasting
 33380 | Shoals:2 | Identified the +1 rapier of Dacanwe {venom, rCorr}
 33725 | Shoals:2 | Reached skill level 20 in Hexes
 34231 | Shoals:2 | Reached XP level 17. HP: 80/80 MP: 34/34
 35061 | Shoals:3 | Noticed Polyphemus
 35063 | Shoals:3 | Killed Polyphemus
 35422 | Shoals:4 | Entered Level 4 of the Shoals
 35744 | Shoals:4 | Reached skill level 22 in Stealth
 35987 | Shoals:4 | Reached skill level 16 in Dodging
 36232 | Shoals:4 | Reached skill level 16 in Short Blades
 36253 | Shoals:4 | HP: 6/80 [faun/stone (17)]
 36255 | Shoals:4 | Hit by a boomerang thrown by a merfolk

Vanquished Creatures
  Jorgrun (D:14)
  Polyphemus (Shoals:3)
  Agnes (D:14)
  Kirke (Lair:4)
  The ghost of Eremnut the Severer, an adept HOFi of Makhleb (D:13)
  Louise (D:14)
  An orc warlord (Orc:2)
  A dire elephant (Lair:6)
  Azrael (Orc:2)
  A minotaur (Gauntlet)
  2 merfolk javelineers
  Snorg (D:13)
  Josephine (D:14)
  4 merfolk impalers
  12 hydras
  A boulder beetle (D:12)
  6 ogre magi
  2 catoblepae
  Erica (D:11)
  2 merfolk avatars
  2 merfolk aquamancers
  24 two-headed ogres
  2 death knights (D:13)
  2 centaur warriors
  3 death yaks
  A satyr (Shoals:4)
  2 tengu warriors
  An orc high priest (Orc:1)
  A hell hog (Gauntlet)
  Nergalle (D:11)
  2 spriggans
  A hell knight (Volcano)
  A salamander mystic (Volcano)
  14 sea snakes
  2 wizards (D:15)
  A lindwurm (Lair:6)
  A deep elf zephyrmancer (D:15)
  23 harpies
  14 ugly things
  8 fauns
  14 cyclopes
  A necromancer (D:15)
  An orc sorcerer (D:15)
  5 salamanders (Volcano)
  14 manticores
  Maurice (D:11)
  9 water nymphs
  2 centaur skeletons (D:15)
  14 merfolk sirens
  4 black mambas
  A gargoyle (D:11)
  2 torpor snails
  9 cane toads
  Maggie (D:7)
  2 unseen horrors
  2 rime drakes
  4 efreet
  4 freezing wraiths
  17 komodo dragons
  A tengu conjurer (D:11)
  20 merfolk
  A polar bear (shapeshifter) (D:14)
  A meliai (shapeshifter) (Gauntlet)
  3 wind drakes
  A meliai (D:8)
  4 trolls
  A raiju (Lair:6)
  2 hornets
  13 dream sheep
  14 polar bears
  2 slime creatures (D:14)
  33 blink frogs
  2 large abominations (Gauntlet)
  2 snapping turtles
  A centaur simulacrum (D:15)
  A vampire (D:14)
  3 shadows
  14 wraiths
  75 yaks
  A spriggan (shapeshifter) (D:14)
  2 wyverns
  5 basilisks
  Eustachio (D:4)
  8 fire bats
  A golden eye (shapeshifter) (D:14)
  10 water elementals
  4 fire elementals (Orc:2)
  A redback (shapeshifter) (D:14)
  6 vampire mosquitoes
  A steam dragon (D:8)
  5 small abominations (Gauntlet)
  7 wargs
  2 nagas (Lair:4)
  11 water moccasins
  2 acid dragons
  20 hell hounds
  29 orc warriors
  12 black bears
  A black bear (shapeshifter) (D:14)
  A sky beast (shapeshifter) (Gauntlet)
  2 sky beasts (D:7)
  52 wolves
  25 ogres
  3 centaurs
  A phantom (D:4)
  2 gnoll sergeants
  2 kobold brigands
  12 bullfrogs
  A scorpion (D:5)
  A water moccasin skeleton (D:4)
  13 killer bees
  7 wights
  7 howler monkeys
  5 electric eels
  2 lava snakes (D:13)
  3 centaur zombies
  22 orc priests
  2 gnoll shamans
  5 hounds
  A bullfrog skeleton (D:6)
  Ijyb (D:4)
  2 iguanas (D:5)
  26 orc wizards
  5 hell rats (Lair:5)
  2 hound skeletons
  2 howler monkey zombies
  Robin (D:2)
  11 gnolls
  5 adders
  2 white imps
  2 ufetubi
  An adder skeleton (D:4)
  2 worms (D:2)
  3 dart slugs
  56 orcs
  6 endoplasms
  3 giant cockroaches
  11 goblins
  11 hobgoblins
  4 jackals
  13 kobolds
  3 quokkas
  3 ball pythons
  6 bats
  A frilled lizard (D:3)
  10 rats
  3 fire vortices (D:13)
942 creatures vanquished.

Vanquished Creatures (collateral kills)
  A two-headed ogre (Orc:2)
  2 fauns (Shoals:4)
  A merfolk (Shoals:2)
  3 orc warriors
  2 wights (D:7)
  2 orc priests
  An orc wizard (D:10)
  4 gnolls
  A shadow imp (D:7)
  14 orcs
  A hobgoblin (D:11)
  2 kobolds (D:8)
34 creatures vanquished.

Vanquished Creatures (others)
  2 humans (Lair:4)
  34 dancing weapons
  An orc (D:11)
  28 fungi
  227 plants
  4 toadstools (D:10)
296 creatures vanquished.

Grand Total: 1272 creatures vanquished

Table legend: (Time is in decaauts)
 A = Elapsed time spent in this place.
 B = Non-inter-level travel time spent in this place.
 C = Inter-level travel time spent in this place.
 D = Time resting spent in this place.
 E = Time spent auto-exploring this place.
 F = Levels seen in this place.
 G = Mean time per level.
                   A        B        C        D        E       F      G
               +--------+--------+--------+--------+--------+-----+--------+
         Total |  34925 |  32647 |   2278 |   5067 |  20510 |  29 | 1204.3 |
       Dungeon |  19084 |  17469 |   1615 |   3064 |  10683 |  15 | 1272.3 |
          Lair |   7438 |   7113 |    325 |    502 |   5000 |   6 | 1239.7 |
        Shoals |   4354 |   4292 |     62 |    750 |   2669 |   4 | 1088.5 |
  Orcish Mines |   3015 |   2739 |    276 |    317 |   1801 |   2 | 1507.5 |
       Volcano |    244 |    244 |      0 |     37 |    139 |   1 |  244.0 |
      Gauntlet |    788 |    788 |      0 |    396 |    217 |   1 |  788.0 |
               +--------+--------+--------+--------+--------+-----+--------+

Top non-repeatable levels by time:
    D:10: 2131 daAuts
  Lair:6: 2062 daAuts
   Orc:2: 2027 daAuts
     D:9: 1887 daAuts
     D:7: 1705 daAuts
    D:11: 1634 daAuts
  Lair:1: 1462 daAuts
     D:1: 1443 daAuts
Shoals:1: 1419 daAuts
Shoals:2: 1404 daAuts
     D:8: 1404 daAuts
  Lair:5: 1327 daAuts
     D:4: 1214 daAuts
     D:2: 1176 daAuts
    D:13: 1099 daAuts

Table legend:
 A = Non-vault XP
 B = Vault XP
 C = Vault XP percentage of total XP
 D = Non-vault monster count
 E = Vault monster count
 F = Vault count percentage of total count
                 A         B        C        D         E       F
            +---------+---------+-------+---------+---------+-------
      Total |  164599 |   87120 |  34.6 |     665 |     308 |  31.7
            +---------+---------+-------+---------+---------+-------
        D:1 |      44 |       9 |  17.0 |      26 |       8 |  23.5
        D:2 |      42 |      33 |  44.0 |      12 |      10 |  45.5
        D:3 |      54 |      99 |  64.7 |      11 |       3 |  21.4
        D:4 |     443 |     232 |  34.4 |      12 |       2 |  14.3
        D:5 |     310 |       0 |   0.0 |      10 |       0 |   0.0
        D:6 |     543 |       0 |   0.0 |      12 |       0 |   0.0
        D:7 |    1111 |     793 |  41.6 |      17 |      10 |  37.0
        D:8 |    1720 |     291 |  14.5 |      30 |       1 |   3.2
        D:9 |    3142 |       0 |   0.0 |      35 |       0 |   0.0
       D:10 |    2880 |    1112 |  27.9 |      19 |      10 |  34.5
       D:11 |    2590 |    2534 |  49.5 |      23 |      16 |  41.0
       D:12 |    6765 |       0 |   0.0 |      22 |       0 |   0.0
       D:13 |    8015 |    3334 |  29.4 |      19 |       9 |  32.1
       D:14 |    4575 |    7872 |  63.2 |      14 |      15 |  51.7
       D:15 |   18153 |    4952 |  21.4 |      32 |      10 |  23.8
     Lair:1 |    9279 |    3798 |  29.0 |      39 |      27 |  40.9
     Lair:2 |    9245 |       0 |   0.0 |      29 |       0 |   0.0
     Lair:3 |    3483 |     435 |  11.1 |      11 |       1 |   8.3
     Lair:4 |    4239 |    1905 |  31.0 |      22 |       4 |  15.4
     Lair:5 |   14210 |    1005 |   6.6 |      53 |       6 |  10.2
     Lair:6 |   10773 |   12471 |  53.7 |      32 |      64 |  66.7
   Shoals:1 |   21823 |       0 |   0.0 |      44 |       0 |   0.0
   Shoals:2 |   19344 |       0 |   0.0 |      40 |       0 |   0.0
   Shoals:3 |    5951 |    8267 |  58.1 |      13 |      12 |  48.0
   Shoals:4 |    9555 |   12006 |  55.7 |      16 |      21 |  56.8
      Orc:1 |    2766 |     148 |   5.1 |      31 |       6 |  16.2
      Orc:2 |    3544 |   17130 |  82.9 |      41 |      50 |  54.9
    Volcano |       0 |    4160 | 100.0 |       0 |       7 | 100.0
   Gauntlet |       0 |    4534 | 100.0 |       0 |      16 | 100.0
            +---------+---------+-------+---------+---------+-------
